 Dungeon Crawl Stone Soup version 0.30.0-10-gfe55d96785 (webtiles) character file.

Game seed: 2459233388461845837

121 qw the Chopper (level 5, -1/32 HPs)
             Began as a Gargoyle Cinder Acolyte on May 16, 2023.
             Was a High Priest of Ignis.
             Slain by an orc priest
             ... wielding a +2 falchion of distortion
              (3 damage)
             ... on level 4 of the Dungeon.
             The game lasted 00:01:58 (2593 turns).

qw the Chopper (Gargoyle Cinder Acolyte)            Turns: 2593, Time: 00:01:59

Health: -1/32      AC: 20    Str: 20    XL:     5   Next: 5%
Magic:  6/6        EV:  8    Int: 14    God:    Ignis [*****.]
Gold:   245        SH:  0    Dex:  5    Spells: 6/6 levels left

rFire   + . .        Y - +0 hand axe (flame)
rCold   . . .        (no shield)
rNeg    + . .        j - +0 chain mail
rPois   inf          (no helmet)
rElec   +            (no cloak)
rCorr   .            d - +0 pair of gloves
SInv    .            (no boots)
Will    .....        f - amulet of the acrobat Stlth
                     (no ring)
HPRegen 0.25/turn    (no ring)
MPRegen 0.10/turn

%: acrobat
@: fiery-armoured
A: sickness immunity, AC +4, negative energy resistance 1, electricity
resistance, torment resistance 1, petrification resistance
a: Renounce Religion, Fiery Armour, Foxfire Swarm, Rising Flame


You were on level 4 of the Dungeon.
You worshipped Ignis.
Ignis was extremely pleased with you.
You visited 1 branch of the dungeon, and saw 4 of its levels.

You collected 245 gold pieces.


Innate Abilities, Weirdness & Mutations

You are immune to sickness and miasma.
Your stone body is resilient. (AC +4)
You are immune to poison.
You resist negative energy. (rN+)
You are resistant to electric shocks. (rElec)
You are resistant to unholy torment.
You are immune to petrification.


   Skills:
 - Level 3.2 Fighting
 + Level 4.6 Axes
 - Level 2.0 Armour
 - Level 1.0 Spellcasting
 - Level 3.0 Fire Magic


You had 6 spell levels left.
You didn't know any spells.
Your spell library contained the following spells:

 Spells                   Type           Power      Damage    Failure   Level
 Scorch                   Fire           18%        2d6       67%         2

Inventory:

Hand Weapons
 Y - a +0 hand axe of flaming (weapon)
Armour
 d - a +0 pair of gloves (worn)
 j - a +0 chain mail (worn)
Jewellery
 f - an amulet of the acrobat (around neck)
Scrolls
 e - a scroll of magic mapping {unknown}
 h - 2 scrolls of identify
Potions
 a - a potion of invisibility {unknown}
 b - a potion of ambrosia {unknown}
 c - a potion of mutation {unknown}
 i - a potion of magic {unknown}
 k - a potion of lignification {unknown}

Dungeon Overview and Level Annotations

Branches:
Dungeon (4/15)
 Temple: D:4-7

Altars:
Gozag
Trog
Uskayaw


Message History

The orc shouts!
A bat comes into view.
The bat moves out of view.
You hit the orc priest. You burn the orc priest.
Your punch misses the orc priest.
The orc priest is lightly wounded.
The orc priest hits you but does no damage.
Space warps around you.
An orc priest comes into view. It is wielding a +0 dagger.
2583 ||| INVOKING Fiery Armour.
A protective cloak of flame settles atop you.
The orc priest hits you with a +2 falchion of distortion.
Space warps horribly around you!
The orc priest is burned by your cloak of flames.
The orc priest is moderately wounded.
You closely miss the orc priest.
The orc priest is moderately wounded.
The orc priest hits you but does no damage.
Space warps around you.
An orc comes into view. It is wielding a +0 dagger.
You hit the orc priest but do no damage.
The orc priest is moderately wounded.
The orc priest miscasts a cantrip.
You completely miss the orc priest.
The orc priest is moderately wounded.
The orc priest hits you but does no damage.
The orc priest is burned by your cloak of flames.
The orc priest is severely wounded.
You blink.
The orc priest calls down the wrath of Beogh upon you.
Beogh smites you!
An orc comes into view. It is wielding a +0 falchion.
The orc shouts!
The orc priest miscasts a cantrip.
The orc priest misses you.
You hit the orc priest. You burn the orc priest.
The orc priest is almost dead.
The orc priest hits you but does no damage.
Space warps around you.
You die...

##### #.... #.###
########.#
#...[....#
##.######.#
######...#####.###
#...).............
#@####...###.###.#
#o# ##.## #.# #.#
#o# #.# #.# #.#
#o# #>####.# #.#
#o# #.).##.# #..
#o# ###%##.# ###
#.# #.##.# ..#
#.##.#####
.####.###.##...[..


You could see 2 orc priests and 3 orcs.

Vanquished Creatures
  An orc wizard (D:4)
  4 adders
  2 dart slugs
  7 orcs
  3 endoplasms
  A giant cockroach (D:4)
  A goblin (D:1)
  5 hobgoblins
  3 jackals (D:2)
  4 kobolds
  3 quokkas
  2 ball pythons
  4 bats
  3 frilled lizards
  5 rats
48 creatures vanquished.

Notes
Turn   | Place    | Note
-------+----------+-------------------------------------------
     0 | D:1      | qw the Gargoyle Cinder Acolyte began the quest for the Orb.
     0 | D:1      | Reached XP level 1. HP: 14/14 MP: 2/2
     0 | D:1      | 0 ||| qw: Version: 0.2-a-94-gbb182e1
     0 | D:1      | 0 ||| qw: Game counter: 51
     0 | D:1      | 0 ||| qw: Always use a shield: true
     0 | D:1      | 0 ||| qw: God list: Okawaru
     0 | D:1      | 0 ||| qw: Allow faded altars: false
     0 | D:1      | 0 ||| qw: Do Orc after D:15 true
     0 | D:1      | 0 ||| qw: Do second Lair branch before Depths: true
     0 | D:1      | 0 ||| qw: Lair rune preference: random
     0 | D:1      | 0 ||| qw: Plans: Normal
     0 | D:1      | 0 ||| PLANNING D:1-11
   274 | D:1      | 274 ||| Stepping ~*~*~tactically~*~*~ (hiding).
   288 | D:1      | Reached skill level 3 in Axes
   398 | D:1      | Reached XP level 2. HP: 19/19 MP: 3/3
   536 | D:1      | 536 ||| DROPPING +6 ring of intelligence.
   537 | D:1      | 537 ||| READING scroll labelled EBEHYE YRUABB.
   970 | D:2      | 970 ||| READING scroll labelled DECEQ JIPOUPT.
   971 | D:2      | 971 ||| READING scroll labelled ZADWAC DULUUTU.
   982 | D:2      | 982 ||| READING scroll labelled ERHOYR KADU.
   983 | D:2      | 983 ||| DRINKING 2 orange potions.
   984 | D:2      | 984 ||| DROPPING potion of flight.
  1002 | D:3      | Reached XP level 3. HP: 21/23 MP: 4/4
  1111 | D:3      | 1111 ||| Stepping ~*~*~tactically~*~*~ (stealth).
  1125 | D:3      | 1125 ||| Stepping ~*~*~tactically~*~*~ (stealth).
  1132 | D:3      | Found a hide-covered altar of Uskayaw.
  1133 | D:3      | 1133 ||| Stepping ~*~*~tactically~*~*~ (stealth).
  1137 | D:3      | Reached skill level 4 in Axes
  1147 | D:3      | 1147 ||| INVOKING Fiery Armour.
  1151 | D:3      | 1151 ||| Stepping ~*~*~tactically~*~*~ (hiding).
  1151 | D:3      | Found a faded altar of an unknown god.
  1387 | D:3      | Found a bloodstained altar of Trog.
  1441 | D:3      | 1441 ||| UPGRADING to +0 pair of gloves.
  1446 | D:3      | 1446 ||| UPGRADING to +0 leather armour.
  1456 | D:3      | 1456 ||| DROPPING +0 robe.
  1457 | D:3      | 1457 ||| UPGRADING to +0 chain mail.
  1467 | D:3      | 1467 ||| DROPPING +0 leather armour.
  1468 | D:3      | 1468 ||| UPGRADING to amulet of the acrobat.
  1473 | D:3      | 1473 ||| READING scroll labelled PAOXIMA YBBIE.
  1538 | D:3      | Reached skill level 1 in Armour
  1538 | D:3      | Reached XP level 4. HP: 28/28 MP: 5/5
  1698 | D:3      | 1698 ||| READING scroll labelled OTHROE QOYGECWI.
  1699 | D:3      | 1699 ||| DRINKING 3 sedimented green potions.
  1740 | D:3      | 1740 ||| DROPPING 2 potions of berserk rage.
  2091 | D:3      | 2091 ||| READING scroll labelled QUOBLA JEZO.
  2250 | D:4      | Found an opulent altar of Gozag.
  2302 | D:4      | 2302 ||| Stepping ~*~*~tactically~*~*~ (hiding).
  2303 | D:4      | 2303 ||| Stepping ~*~*~tactically~*~*~ (hiding).
  2316 | D:4      | Reached XP level 5. HP: 25/32 MP: 6/6
  2378 | D:4      | 2378 ||| Stepping ~*~*~tactically~*~*~ (hiding).
  2583 | D:4      | 2583 ||| INVOKING Fiery Armour.
  2584 | D:4      | HP: 8/32 [orc priest/+2 falchion of distortion (4)]
  2590 | D:4      | HP: 1/32 [orc priest/divine providence (8)]
  2593 | D:4      | Slain by an orc priest

Levels and vault maps discovered:
D:1:      nicolae_arrival_somewhat_less_tricky_arrival, layout_rooms
D:2:      layout_rooms
D:3:      layout_basic, mainiacjoe_overflow_cross_hatched,
          eat_drink_and_be_merry_uskayaw, ebering_ecumenical_altar_petrified,
          minmay_puff
D:4:      layout_loops_ring, lemuel_round_altar,
          nicolae_gozag_cash_rules_everything_around_me, tgw_sif,
          roderic_batcave, uniq_natasha, uniq_blork_the_orc

Skill      XL: |  1  2  3  4 |
---------------+-------------+-----
Axes           | 3 4 |  4.6
Armour         | 1 2 |  2.0
Fighting       | |  3.2
Spellcasting   | |  1.0
Fire Magic     | |  3.0

Action                     |  1- 3 |  4- 6 || total
---------------------------+-------+-------++-------
  Melee: Hand axe          |   101 |    71 ||   172
         Punch             |       |     2 ||     2
  Throw: Boomerang         |    12 |    12 ||    24
 Invoke: Fiery Armour      |     1 |     1 ||     2
    Use: Scroll            |     5 |     2 ||     7
         Potion            |     1 |     1 ||     2
 Armour: Robe              |    33 |       ||    33
         Chain mail        |     4 |    45 ||    49
  Dodge: Dodged            |    57 |    19 ||    76

Table legend:
 A = Non-vault XP
 B = Vault XP
 C = Vault XP percentage of total XP
 D = Non-vault monster count
 E = Vault monster count
 F = Vault count percentage of total count
                 A         B        C        D         E       F
            +---------+---------+-------+---------+---------+-------
      Total |     156 |      18 |  10.3 |      44 |       4 |   8.3
            +---------+---------+-------+---------+---------+-------
        D:1 |      15 |       0 |   0.0 |       9 |       0 |   0.0
        D:2 |      18 |       0 |   0.0 |      11 |       0 |   0.0
        D:3 |      58 |      18 |  23.7 |      16 |       4 |  20.0
        D:4 |      65 |       0 |   0.0 |       8 |       0 |   0.0
            +---------+---------+-------+---------+---------+-------
